 Dungeon Crawl Stone Soup version 0.29.0-10-g45618ea6d2 (webtiles) character file.

Game seed: 12542832971903171772

191 keekatzer the Covered (level 5, -5/30 HPs)
             Began as a Gargoyle Gladiator on Sept 2, 2022.
             Was a Believer of Cheibriados.
             Slain by Crazy Yiuf
             ... wielding a +4 quarterstaff of chaos
              (16 damage)
             ... on level 3 of the Dungeon.
             The game lasted 00:09:39 (2718 turns).

keekatzer the Covered (Gargoyle Gladiator)          Turns: 2718, Time: 00:09:42

Health: -5/30      AC: 12    Str: 23    XL:     5   Next: 70%
Magic:  6/6        EV: 12    Int: 13    God:    Cheibriados [**....]
Gold:   119        SH:  0    Dex: 18    Spells: 4/4 levels left

rFire   . . .      SeeInvis .   s - +3 club
rCold   . . .      Faith    .   (no shield)
rNeg    + . .      Spirit   .   g - +0 ring mail
rPois   ∞          Reflect  .   c - +0 helmet
rElec   +          Harm     .   (no cloak)
rCorr   +          Rampage  .   (no gloves)
Will    .....                   n - +0 pair of boots
Stlth   +.........              (no amulet)
HPRegen 0.10/turn               h - ring of resist corrosion
MPRegen 0.10/turn               (no ring)

@: very slow
A: sickness immunity, AC +4, negative energy resistance 1, electricity
resistance, torment resistance 1, petrification resistance
a: Renounce Religion, Bend Time


You were on level 3 of the Dungeon.
You worshipped Cheibriados.
Cheibriados was pleased with you.
You visited 1 branch of the dungeon, and saw 3 of its levels.

You collected 119 gold pieces.

Inventory:

Hand Weapons
 a - a +0 war axe
 f - a +1 hand axe of holy wrath
 s - a +3 club (weapon)
Missiles
 d - 3 throwing nets (quivered)
 e - 8 javelins
Armour
 b - a +0 leather armour
 c - a +0 helmet (worn)
 g - a +0 ring mail (worn)
 n - a +0 pair of boots (worn)
Jewellery
 h - a ring of resist corrosion (left hand)
Wands
 q - a wand of iceblast (8)
 r - a wand of quicksilver (7)
Scrolls
 i - 3 scrolls of teleportation {unknown}
 k - 3 scrolls of blinking {unknown}
 m - 2 scrolls of immolation {unknown}
 o - a scroll of torment {unknown}
 p - a scroll of enchant weapon {unknown}
Potions
 j - a potion of resistance {unknown}
 l - a potion of heal wounds {unknown}


   Skills:
 - Level 2.1 Fighting
 - Level 2.6(3.0) Axes
 * Level 2.0(2.8) Maces & Flails
 - Level 1.7 Throwing
 - Level 4.3 Armour
 - Level 2.4 Dodging
 + Level 2.4 Invocations


You had 4 spell levels left.
You didn't know any spells.
Your spell library was empty.

Dungeon Overview and Level Annotations

Branches:
Dungeon (3/15)

Altars:
Cheibriados

Annotations:
D:3 Crazy Yiuf


Innate Abilities, Weirdness & Mutations

You are immune to sickness and miasma.
Your stone body is resilient. (AC +4)
You are immune to poison.
You resist negative energy. (rN+)
You are resistant to electric shocks. (rElec)
You are resistant to unholy torment.
You are immune to petrification.


Message History

The ball python misses you.
You closely miss the ball python.
The ball python bites you but does no damage.
The ball python grabs you. The ball python constricts you.
The ball python barely misses you. The ball python constricts you.
You hit the ball python.
You kill the ball python!
Cheibriados appreciates the change of pace.
Cheibriados raises the support of your attributes as your movement slows.
There is an open door here.
You open the door.
There is an open door here.
Found a hammer.
Found a runed translucent door.
Crazy Yiuf shouts!
You open the door.
Crazy Yiuf yells, "Seed snockshim action!"
You hit Crazy Yiuf.
Crazy Yiuf is lightly wounded.
Crazy Yiuf hits you with a +4 quarterstaff of chaos.
You hit Crazy Yiuf.
Crazy Yiuf is moderately wounded.
Crazy Yiuf grits, "Paint testudinal childish!"
Crazy Yiuf hits you but does no damage.
You hit Crazy Yiuf but do no damage.
Crazy Yiuf is moderately wounded.
Crazy Yiuf closely misses you.
You sock Crazy Yiuf!
Crazy Yiuf is severely wounded.
Crazy Yiuf hits you but does no damage. Crazy Yiuf barely misses you.
You closely miss Crazy Yiuf.
Crazy Yiuf is severely wounded.
Crazy Yiuf hits you with a +4 quarterstaff of chaos!
You resist with some effort.
You hit Crazy Yiuf but do no damage.
Crazy Yiuf is severely wounded.
Crazy Yiuf twirls on the spot.
Crazy Yiuf hits you with a +4 quarterstaff of chaos!
Space warps horribly around you!
Ouch! That really hurt!
You die...

##♣♣♣♣♣
###.P.♣.♣♣♣ ###
##......♣..♣#...#
#......♣♣♣♣@g...#
#..#..♣♣ ♣♣#..)#
#.###♣♣ ### #.#
#.## #..#### ####
##....# #..# #
####.###..##.#
#.........#


You could see Crazy Yiuf.

Vanquished Creatures
  A scorpion (D:3)
  Ijyb (D:3)
  5 adders
  A worm (D:3)
  A dart slug (D:1)
  2 endoplasms
  2 giant cockroaches (D:1)
  4 goblins
  6 hobgoblins
  5 quokkas
  8 ball pythons
  6 bats
  2 frilled lizards
  6 kobolds
  7 rats
57 creatures vanquished.

Notes
Turn   | Place    | Note
-------+----------+-------------------------------------------
     0 | D:1      | keekatzer the Gargoyle Gladiator began the quest for the
                  | Orb.
     0 | D:1      | Reached XP level 1. HP: 12/12 MP: 1/1
    59 | D:1      | Reached skill level 1 in Armour
   203 | D:1      | Reached XP level 2. HP: 16/17 MP: 2/2
   227 | D:1      | Reached skill level 2 in Armour
   751 | D:1      | Reached XP level 3. HP: 13/21 MP: 3/3
   890 | D:1      | Found a faded altar of an unknown god.
   893 | D:1      | Reached skill level 3 in Armour
   899 | D:1      | Prayed at the altar of an unknown god.
   899 | D:1      | Became a worshipper of Cheibriados the Contemplative
   899 | D:1      | Reached * piety under Cheibriados
  1945 | D:2      | Reached XP level 4. HP: 26/26 MP: 4/4
  2057 | D:2      | Reached skill level 1 in Invocations
  2092 | D:3      | Reached ** piety under Cheibriados
  2141 | D:3      | Reached skill level 4 in Armour
  2198 | D:3      | Noticed Ijyb
  2206 | D:3      | HP: 1/26 [Ijyb/+3 club (5)]
  2212 | D:3      | HP: 1/26 [Ijyb/+3 club (5)]
  2218 | D:3      | Killed Ijyb
  2494 | D:3      | Noticed a scorpion
  2504 | D:3      | Killed a scorpion
  2505 | D:3      | Reached skill level 1 in Maces & Flails
  2505 | D:3      | Reached XP level 5. HP: 17/30 MP: 6/6
  2708 | D:3      | Found a runed translucent door.
  2709 | D:3      | Noticed Crazy Yiuf
  2718 | D:3      | Slain by Crazy Yiuf

Illustrated notes

Levels and vault maps discovered:
D:1:      saegor_arrival_simple_e, layout_basic, ebering_ecumenical_altar_box,
          st_stairs_6, minmay_hexomino_f4
D:2:      layout_basic
D:3:      layout_basic, st_stairs_12, uniq_ijyb, uniq_crazy_yiuf_cottage

Skill      XL: |  1  2  3  4  5 |
---------------+----------------+-----
Armour         | 1 2 3 4 |  4.3
Invocations    | 2 |  2.4
Maces & Flails | 1 2 |  2.0
Fighting       | |  2.1
Axes           | |  2.6
Throwing       | |  1.7
Dodging        | |  2.4

Action                   |  1- 3 |  4- 6 || total
-------------------------+-------+-------++-------
Melee: War axe           |   127 |    31 ||   158
       Club              |       |    30 ||    30
  Use: Potion            |       |     2 ||     2
Armor: Leather armour    |     8 |       ||     8
       Ring mail         |    73 |    28 ||   101
Dodge: Dodged            |    75 |    46 ||   121
